 Dungeon Crawl Stone Soup version 0.23.1 (webtiles) character file.

Game seed: 1176168170727815654

54 Kniotic the Ducker (level 3, -6/29 HPs)
             Began as a Demonspawn Monk on Mar 3, 2019.
             Mangled by Sigmund
             ... wielding a +0 scythe
              (11 damage)
             ... on level 2 of the Dungeon.
             The game lasted 00:01:40 (1536 turns).

Kniotic the Ducker (Demonspawn Monk)                Turns: 1536, Time: 00:01:41

Health: -6/29      AC:  2    Str: 11    XL:     3   Next: 66%
Magic:  3/3        EV: 19    Int: 11    God:
Gold:   41         SH:  0    Dex: 21    Spells: 2/2 levels left

rFire    . . .     SeeInvis .     - Unarmed
rCold    . . .     Gourm    .   (no shield)
rNeg     . . .     Faith    .   a - +0 robe
rPois    .         Spirit   .   (helmet restricted)
rElec    .         Reflect  .   (no cloak)
rCorr    +         Harm     .   (no gloves)
MR       .....                  (no boots)
Stlth    +++.......             (no amulet)
HPRegen  0.09/turn              c - ring of resist corrosion
MPRegen  0.08/turn              (no ring)

@: agile
A: horns 2
a: no special abilities


You were on level 2 of the Dungeon.
You were very hungry.

You visited 1 branch of the dungeon, and saw 2 of its levels.

You collected 41 gold pieces.

Inventory:

Armour
 a - a +0 robe (worn)
Jewellery
 c - a ring of resist corrosion (left hand)
 h - a +3 ring of strength {unknown}
Scrolls
 e - a scroll of remove curse {unknown}
 f - a scroll of identify {unknown}
Comestibles
 b - 3 rations


   Skills:
 - Level 3.0 Fighting
 + Level 3.5 Dodging
 - Level 1.7 Stealth
 + Level 3.5 Unarmed Combat


You had 2 spell levels left.
You didn't know any spells.
Your spell library was empty.

Dungeon Overview and Level Annotations

Branches:
Dungeon (2/15)

Altars:

Annotations:
D:2 Sigmund


Innate Abilities, Weirdness & Mutations

You have a pair of horns on your head.


Message History

You barely miss Sigmund. Your headbutt misses Sigmund.
Sigmund is moderately wounded.
Sigmund completely misses you.
You closely miss Sigmund. Your headbutt misses Sigmund.
Sigmund is moderately wounded.
Sigmund casts a spell at you. You resist with significant effort.
You closely miss Sigmund. You headbutt Sigmund.
Sigmund is moderately wounded.
Sigmund mumbles some strange words.
Sigmund flickers and vanishes!
Deactivating autopickup; reactivate with Ctrl-A.
You hit something. Your headbutt misses something. You hit something.
Your headbutt misses something. Something closely misses you.
You closely miss something. Something hits you!
* * * LOW HITPOINT WARNING * * *
You hit something. You headbutt something. You barely miss something.
Something hits you!
You die...

#.#####.♣..P.♣.♣..P.PP.....
#...........♣......♣♣.8.⌠@8
####....♣...♣..♣..♣P†@(.††.
#.###.♣♣♣..♣♣P.♣.♣...8P. #.#
♣...♣.♣..P.♣♣♣P.♣ #.#
♣...♣♣PP..♣.P..♣. #.#
♣♣.P.♣♣♣♣.♣♣♣.♣♣.♣ #########.#
♣♣♣.{♣.♣PP..♣P♣....♣
#.......#.##♣..@.♣♣♣♣.P##..♣♣♣PP
#.#.......#..♣..##♣♣♣♣....♣.♣ #.
##.#.###.###.................##..
...#.#...###################....#
.###.#.#.....................####
.# #......####################
.#####....# .....###.## ####.#
#.#


There were no monsters in sight!

Vanquished Creatures
  2 adders (D:2)
  A leopard gecko (D:1)
  2 giant cockroaches (D:1)
  2 hobgoblins (D:1)
  2 jackals (D:1)
  3 quokkas (D:2)
  3 ball pythons (D:1)
  4 bats (D:1)
  2 frilled lizards
  2 goblins (D:1)
  8 kobolds (D:1)
  6 rats
37 creatures vanquished.

Vanquished Creatures (others)
  A plant (D:2)
1 creature vanquished.

Grand Total: 38 creatures vanquished

Notes
Turn   | Place    | Note
-------+----------+-------------------------------------------
     0 | D:1      | Kniotic the Demonspawn Monk began the quest for the Orb.
     0 | D:1      | Reached XP level 1. HP: 18/18 MP: 1/1
   247 | D:1      | Gained mutation: You have a pair of small horns on your
                  | head. [demonic ancestry]
   247 | D:1      | Reached XP level 2. HP: 21/24 MP: 2/2
   553 | D:1      | Gained mutation: You have a pair of horns on your head.
                  | [demonic ancestry]
   553 | D:1      | Reached XP level 3. HP: 29/29 MP: 3/3
  1501 | D:2      | Noticed Sigmund
  1536 | D:2      | Mangled by Sigmund

Skill      XL: |  1 |
---------------+----+-----
Dodging        | 3 |  3.5
Unarmed Combat | 3 |  3.5
Fighting       | |  3.0
Stealth        | |  1.7

Action                   || total
-------------------------++-------
Melee: Unarmed           ||   148
       Punch             ||     2
       Headbutt          ||    16
  Use: Potion            ||     2
 Stab: Sleeping          ||     2
       Distracted        ||     1
  Eat: Chunk             ||     1
Armor: Robe              ||    25
Dodge: Dodged            ||   106
